 Dungeon Crawl Stone Soup version 0.25.1-2-g60ff931df9 (webtiles) character file.

Game seed: 7441319829078129513

44 Peloso the Skirmisher (level 3, -1/29 HPs)
             Began as a Demonspawn Fighter on Aug 27, 2020.
             Slain by an adder (4 damage)
             ... on level 2 of the Dungeon.
             The game lasted 00:02:29 (1153 turns).

Peloso the Skirmisher (Demonspawn Fighter)          Turns: 1153, Time: 00:02:30

Health: -1/29      AC: 16    Str: 17    XL:     3   Next: 39%
Magic:  3/3        EV:  4    Int:  9    God:
Gold:   45         SH:  9    Dex: 12    Spells: 2/2 levels left

rFire    + . .     SeeInvis .   a - +0 long sword
rCold    . . .     Gourm    .   c - +0 kite shield
rNeg     . . .     Faith    .   e - +0 chain mail
rPois    .         Spirit   .   (no helmet)
rElec    .         Reflect  .   (no cloak)
rCorr    .         Harm     .   i - +0 pair of gloves
MR       .....                  (no boots)
Stlth    ..........             (no amulet)
HPRegen  0.09/turn              (no ring)
MPRegen  0.08/turn              (no ring)

@: mighty, sanguine armour, slowed, very slow
A: fire resistance 1, sanguine armour 1
a: no special abilities


You were on level 2 of the Dungeon.
You were not hungry.

You visited 1 branch of the dungeon, and saw 2 of its levels.

You collected 45 gold pieces.

Inventory:

Hand Weapons
 a - a +0 long sword (weapon)
Armour
 b - a +0 scale mail
 c - a +0 kite shield (worn)
 e - a +0 chain mail (worn)
 i - a +0 pair of gloves (worn)
Scrolls
 h - a scroll of immolation {unknown}
 j - a scroll of enchant weapon {unknown}
 k - a scroll of identify {unknown}
Potions
 l - a potion of curing {unknown}
Comestibles
 f - 3 rations
 g - 4 chunks of flesh


   Skills:
 + Level 3.3 Fighting
 + Level 2.2 Long Blades
 + Level 2.9 Armour
 + Level 0.3 Dodging
 + Level 3.3 Shields


You had 2 spell levels left.
You didn't know any spells.
Your spell library was empty.

Dungeon Overview and Level Annotations

Branches:
Dungeon (2/15)

Altars:

Annotations:
D:2 Natasha


Innate Abilities, Weirdness & Mutations

Your flesh is heat resistant. (rF+)
When seriously injured, your bleeding wounds create armour. (AC +6)


Message History

Natasha is moderately wounded.
The adder bites you but does no damage. You block Natasha's attack.
The crimson imp blinks!
The adder bites you but does no damage. Natasha claws you.
You block the adder's attack.
Unknown command.
You hit Natasha.
Natasha is moderately wounded.
Natasha completely misses you. You block the adder's attack.
The crimson imp blinks!
Natasha claws you.
* * * LOW HITPOINT WARNING * * *
You block the adder's attack.
You feel very mighty all of a sudden. The adder bites you but does no damage.
Natasha claws you but does no damage. The adder bites you but does no damage.
Natasha claws you.
* * * LOW HITPOINT WARNING * * *
Unknown command.
You miss Natasha.
Natasha is moderately wounded.
The adder bites you but does no damage. The adder bites you.
You die...

#.. #.###.........#
#.# #.###.##.......
#. ##..............
..##...#.........#
#...............?.#
....#.##........%.##.
....#. #......#5.....
... #. ####..hS####
.. ........##@.# .
.......##.# ###.....
.# #S.##.. .. ...# #.
.## ..# .. ##


You could see Natasha, a crimson imp (summoned) and an adder.

Vanquished Creatures
  An ooze (D:1)
  2 dart slugs (D:1)
  A leopard gecko (D:2)
  8 bats
  A giant cockroach (D:1)
  3 goblins (D:1)
  4 hobgoblins
  2 jackals (D:1)
  2 kobolds (D:1)
  3 frilled lizards (D:1)
  6 rats
33 creatures vanquished.

Notes
Turn   | Place    | Note
-------+----------+-------------------------------------------
     0 | D:1      | Peloso the Demonspawn Fighter began the quest for the Orb.
     0 | D:1      | Reached XP level 1. HP: 18/18 MP: 1/1
   234 | D:1      | Gained mutation: When seriously injured, your bleeding
                  | wounds create armour. (AC +6) [demonic ancestry]
   234 | D:1      | Reached XP level 2. HP: 23/24 MP: 2/2
   547 | D:1      | Gained mutation: Your flesh is heat resistant. (rF+)
                  | [demonic ancestry]
   547 | D:1      | Reached XP level 3. HP: 29/29 MP: 3/3
  1138 | D:2      | Noticed Natasha
  1153 | D:2      | Slain by an adder

Illustrated notes

Levels and vault maps discovered:
D:1:      dpeg_arrival_arbitrary_a, layout_basic, minmay_nonomino_d4
D:2:      layout_rooms, nicolae_overflow_hidden_temple, uniq_natasha

Skill      XL: |  1  2 |
---------------+-------+-----
Long Blades    | 2 |  2.2
Shields        | 3 |  3.3
Fighting       | |  3.3
Armour         | |  2.9
Dodging        | |  0.3

Action                   || total
-------------------------++-------
Melee: Long sword        ||   119
  Use: Potion            ||     1
  Eat: Chunk             ||     1
Armor: Chain mail        ||   112
Dodge: Dodged            ||    26
Block: Kite shield       ||    69
       Rpst.: Long sword ||     7
